 Dungeon Crawl Stone Soup version 0.28-a0-384-g9e0c098162 (webtiles) character file.

Game seed: 12783004463354412590

12 willcat the Magician (level 2, -2/15 HPs)
             Began as a Deep Elf Air Elementalist on Sept 2, 2021.
             Was a Follower of Trog.
             Slain by a kobold (4 damage)
             ... on level 2 of the Dungeon.
             The game lasted 00:01:05 (102 turns).

willcat the Magician (Deep Elf Air Elementalist)     Turns: 102, Time: 00:01:05

Health: -2/15      AC:  2    Str:  5    XL:     2   Next: 20%
Magic:  5/8        EV: 12    Int: 19    God:    Trog [*.....]
Gold:   0          SH:  0    Dex: 15    Spells: 6/7 levels left

rFire   . . .      SeeInvis .   (no weapon)
rCold   . . .      Faith    .   (no shield)
rNeg    . . .      Spirit   .   a - +0 robe
rPois   .          Reflect  .   (no helmet)
rElec   .          Harm     .   (no cloak)
rCorr   .          Rampage  .   (no gloves)
Will    .....                   (no boots)
Stlth   ++........              (no amulet)
HPRegen 0.05/turn               (no ring)
MPRegen 0.11/turn               (no ring)

@: no status effects
A: no striking features
a: Renounce Religion, Berserk


You were on level 2 of the Dungeon.
You worshipped Trog.
Trog was aware of your devotion.
You visited 1 branch of the dungeon, and saw 2 of its levels.

Inventory:

Armour
 a - a +0 robe (worn)
Wands
 b - a wand of polymorph (7)
Scrolls
 d - 2 scrolls of teleportation {unknown}
Potions
 c - a potion of mutation {unknown}


   Skills:
 - Level 2.4 Dodging
 - Level 2.4 Stealth
 - Level 3.4 Spellcasting
 - Level 1.6 Conjurations
 - Level 3.2 Air Magic


You had 6 spell levels left.
You knew the following spells:

 Your Spells              Type           Power      Damage    Failure   Level
a - Shock                 Conj/Air       48%        1d6       5%          1

Your spell library contained the following spells:

 Spells                   Type           Power      Damage    Failure   Level
 Static Discharge         Conj/Air       12%        N/A       9%          2
 Swiftness                Air            15%        N/A       12%         3
 Airstrike                Air            7%         N/A       36%         4


Dungeon Overview and Level Annotations

Branches:
Dungeon (2/15)

Altars:
Trog


Message History

The kobold hits you but does no damage.
You barely miss the kobold.
The kobold is heavily wounded.
The kobold hits you with a +0 short sword.
* * * LOW HITPOINT WARNING * * *
You hit the kobold but do no damage.
The kobold is heavily wounded.
The kobold closely misses you.
You barely miss the kobold.
The kobold is heavily wounded.
The kobold hits you with a +0 short sword.
* * * LOW HITPOINT WARNING * * *
You hit the kobold but do no damage.
The kobold is heavily wounded.
The kobold closely misses you.
You hit the kobold but do no damage.
The kobold is heavily wounded.
The kobold closely misses you.
You hit the kobold but do no damage.
The kobold is moderately wounded.
The kobold completely misses you.
You completely miss the kobold.
The kobold is moderately wounded.
The kobold closely misses you.
You hit the kobold but do no damage.
The kobold is moderately wounded.
The kobold hits you but does no damage.
You barely miss the kobold.
The kobold is moderately wounded.
The kobold closely misses you.
You closely miss the kobold.
The kobold is moderately wounded.
The kobold barely misses you.
You barely miss the kobold.
The kobold is moderately wounded.
The kobold closely misses you.
You closely miss the kobold.
The kobold is moderately wounded.
The kobold hits you with a +0 short sword.
You die...

......# .......#
.......# #.....##
##.<....######
#...............
##...$............
#K@..P.............
#.P...♣............ .
#.P♣♣.♣PP.........# ..
#..♣._P♣P.........#
...
#...♣...P.........#
....
#.P.P♣♣P..........
.....#.P...........###
.....(......(.#....##
#....†..#..#.#...##


You could see a kobold.

Vanquished Creatures
  An adder (D:2)
  A hobgoblin (D:2)
  A quokka (D:2)
  A frilled lizard (D:2)
4 creatures vanquished.

Notes
Turn   | Place    | Note
-------+----------+-------------------------------------------
     0 | D:1      | willcat the Deep Elf Air Elementalist began the quest for
                  | the Orb.
     0 | D:1      | Reached XP level 1. HP: 10/10 MP: 6/6
    57 | D:2      | Found a faded altar of an unknown god.
    73 | D:2      | Reached XP level 2. HP: 7/15 MP: 1/8
    82 | D:2      | Became a worshipper of Trog the Wrathful
    82 | D:2      | Reached * piety under Trog
   102 | D:2      | Slain by a kobold

Illustrated notes

Levels and vault maps discovered:
D:1:      lemuel_arrival_hallway, layout_basic
D:2:      layout_rooms, serial_shops, shop, dreamdust_ecumenical_altar_grove,
          uniq_natasha

Action                   || total
-------------------------++-------
Melee: Unarmed           ||    19
 Cast: Shock             ||    10
Armor: Robe              ||     4
Dodge: Dodged            ||    13

Table legend: (Time is in decaauts)
 A = Elapsed time spent in this place.
 B = Non-inter-level travel time spent in this place.
 C = Inter-level travel time spent in this place.
 D = Time resting spent in this place.
 E = Time spent auto-exploring this place.
 F = Levels seen in this place.
 G = Mean time per level.
                   A        B        C        D        E       F      G
               +--------+--------+--------+--------+--------+-----+--------+
         Total |    101 |    101 |      0 |      0 |      0 |   2 |   50.5 |
       Dungeon |    101 |    101 |      0 |      0 |      0 |   2 |   50.5 |
               +--------+--------+--------+--------+--------+-----+--------+

Top non-repeatable levels by time:
     D:2: 97 daAuts
     D:1: 4 daAuts
